[Event "Team 45 45 League T42"]
[Site "Internet Chess Club"]
[Date "2009.09.03"]
[Round "6"]
[White "HumanTornado"]
[Black "Fezzik"]
[Result "1/2-1/2"]
[WhiteElo "1917"]
[BlackElo "2028"]
[Opening "QGD Slav: Dutch variation"]
[ECO "D18"]
[Time "22:01:32"]
[TimeControl "2700+45"]

1. d4 d5 2. c4 c6 3. Nc3 Nf6 4. Nf3 dxc4 5. a4 Bf5 6. e3 e6 7. Bxc4 Bb4 8. O-O
O-O 9. Nh4 Nbd7 10. Nxf5 exf5 11. Qf3 g6 12. Bd2 Ne4 13. Nxe4 fxe4 14. Qe2 Bxd2
15. Qxd2 Nb6 16. Ba2 Qe7 17. b4 Nxa4 18. Bxf7+ Rxf7 19. Rxa4 a6 20. Ra5 Re8 21.
Qc3 Qh4 22. Qc4 Kg7 23. d5 cxd5 24. Rxd5 Qf6 25. Rd4 Qe6 26. Qc3 Qe5 27. Rc1 Qf6
28. Qd2 Ref8 29. Rc2 Re8 30. h3 Kg8 31. Rcc4 Ref8 32. Rc2 Re8 33. Qc3 Kg7 34.
Qc4 Qe5 35. Qc3 Qf6 36. Qb2 {Game drawn by mutual agreement} 1/2-1/2

[Event "Team 45 45 League T42"]
[Site "Internet Chess Club"]
[Date "2009.09.05"]
[Round "6"]
[White "AronT"]
[Black "BigW"]
[Result "1/2-1/2"]
[WhiteElo "1977"]
[BlackElo "1956"]
[Opening "QGD: Marshall defense"]
[ECO "D06"]
[Time "20:30:12"]
[TimeControl "2700+45"]

1. d4 d5 2. c4 Nf6 3. cxd5 Nxd5 4. e4 Nf6 5. Nc3 e5 6. Nf3 exd4 7. Qxd4 Qxd4 8.
Nxd4 Bb4 9. f3 O-O 10. Be3 Bd7 11. O-O-O c6 12. e5 Nd5 13. Nxd5 cxd5 14. Nc2 Be7
15. Be2 Nc6 16. f4 Rac8 17. Kb1 Bf5 18. Bd3 Bg4 19. Rc1 a5 20. h3 Bd7 21. Rhd1
Rfe8 22. Nd4 Nxd4 23. Bxd4 h5 24. Bb6 a4 25. Be2 Bf5+ 26. Ka1 Be4 27. Bxh5 Bxg2
28. Bg4 Rxc1+ 29. Rxc1 Ra8 30. Rc8+ Rxc8 31. Bxc8 Bh4 32. Bxb7 Bg3 33. Bc8 Bxf4
34. e6 fxe6 35. Bxe6+ Kf8 36. Bc5+ Ke8 37. b4 axb3 38. axb3 Be5+ 39. Kb1 Be4+
40. Kc1 g6 41. b4 Kd8 42. Bb6+ Ke7 43. Bg4 g5 44. Kd2 d4 45. Bc5+ Kf6 46. b5
Bf4+ 47. Kd1 Ke5 48. b6 Kd5 49. Be7 Kc6 50. Bd8 d3 51. Bc7 Bxc7 52. bxc7 Kxc7
53. Kd2 Kc6 54. Ke3 Bh7 55. Kd4 Kd6 56. Bf3 Ke6 57. Ke3 Ke5 58. Bg2 Bf5 59. Bf1
d2 60. Kxd2 Kf4 61. Ke2 Kg3 62. Ke3 Bxh3 63. Be2 Kg2 64. Bf3+ Kf1 65. Be2+ Kg1
66. Kf3 Kh2 67. Kf2 {Game drawn by mutual agreement} 1/2-1/2

[Event "Team 45 45 League T42"]
[Site "Internet Chess Club"]
[Date "2009.09.08"]
[Round "6"]
[White "monsterpawn"]
[Black "Thersites"]
[Result "1-0"]
[WhiteElo "1865"]
[BlackElo "1689"]
[Opening "Benoni: classical, 9...Re8, 10.Nd2"]
[ECO "A77"]
[Time "19:00:52"]
[TimeControl "2700+45"]

1. d4 Nf6 2. c4 c5 3. d5 e6 4. Nc3 exd5 5. cxd5 d6 6. e4 g6 7. Nf3 Bg7 8. Be2
O-O 9. O-O Re8 10. Nd2 Nbd7 11. Qc2 Ne5 12. h3 a6 13. a4 Qe7 14. f3 Nh5 15. f4
Nd7 16. Bxh5 gxh5 17. Ra3 Kh8 18. Nf3 Nb6 19. a5 Nc4 20. Ra2 Qc7 21. Qa4 b5 22.
axb6 Nxb6 23. Qxe8+ {Black resigns} 1-0

[Event "Team 45 45 League T42"]
[Site "Internet Chess Club"]
[Date "2009.09.07"]
[Round "6"]
[White "Gwyddbwyll"]
[Black "vaknight"]
[Result "1-0"]
[WhiteElo "1775"]
[BlackElo "1680"]
[Opening "Sicilian: Smith-Morra gambit"]
[ECO "B21"]
[Time "16:04:57"]
[TimeControl "2700+45"]

1. e4 c5 2. d4 cxd4 3. c3 dxc3 4. Nxc3 d6 5. Bc4 e6 6. Nf3 Be7 7. O-O Nc6 8. Qe2
a6 9. Rd1 Qc7 10. Bf4 b5 11. Bb3 b4 12. Na4 h6 13. Rac1 Bb7 14. Nc5 Nf6 15. Nxb7
Qxb7 16. Ba4 Rc8 17. Nd4 O-O 18. Bxc6 Qb6 19. Be3 Qa5 20. a3 bxa3 21. bxa3 Qxa3
22. Ra1 Qc5 23. Nf5 {Black resigns} 1-0

[Event "Team 45 45 League T42"]
[Site "Internet Chess Club"]
[Date "2009.09.04"]
[Round "6"]
[White "natethegreat"]
[Black "RandyPCC"]
[Result "1-0"]
[WhiteElo "1961"]
[BlackElo "1884"]
[Opening "Petrov: modern (Steinitz) attack"]
[ECO "C43"]
[Time "19:00:22"]
[TimeControl "2700+45"]

1. e4 e5 2. Nf3 Nf6 3. d4 d5 4. Nxe5 Nxe4 5. Bd3 Nf6 6. O-O Bd6 7. c4 dxc4 8.
Bxc4 O-O 9. Nc3 Nbd7 10. f4 b6 11. Nc6 Qe8 12. Re1 Ne5 13. Nxe5 Bxe5 14. Rxe5
Qc6 15. Bd5 Nxd5 16. Nxd5 Kh8 17. Ne7 Qd6 18. Qd3 Bb7 19. Nf5 Qg6 20. Qg3 Qf6
21. Qg5 Rg8 22. Qxf6 gxf6 23. Re2 Rae8 24. Rxe8 Rxe8 25. Kf2 Be4 26. Ng3 Bd3 27.
Be3 Re6 28. Rc1 c6 29. Nh5 f5 30. d5 Rh6 31. Bd4+ Kg8 32. dxc6 Ba6 33. Nf6+ Kf8
34. Re1 Rxh2 35. Re8+ {Black resigns} 1-0

[Event "Team 45 45 League T42"]
[Site "Internet Chess Club"]
[Date "2009.09.03"]
[Round "6"]
[White "ElmerHo"]
[Black "Caminator"]
[Result "0-1"]
[WhiteElo "1495"]
[BlackElo "1810"]
[Opening "French: Steinitz, Boleslavsky variation"]
[ECO "C11"]
[Time "22:33:36"]
[TimeControl "2700+45"]

1. e4 e6 2. d4 d5 3. Nc3 Nf6 4. e5 Nfd7 5. f4 c5 6. Nf3 Nc6 7. Be3 a6 8. Qd2
cxd4 9. Nxd4 Bc5 10. O-O-O O-O 11. Qf2 Bxd4 12. Bxd4 Nxd4 13. Qxd4 b5 14. h4 Qb6
15. Qxb6 Nxb6 16. Rd4 Bb7 17. g4 Nc4 18. Bxc4 dxc4 19. Ne4 Bxe4 20. Rxe4 Rad8
21. Rd1 Rxd1+ 22. Kxd1 Rd8+ 23. Ke1 g6 24. c3 Kf8 25. Rd4 Rxd4 26. cxd4 b4 27.
Kd2 h5 28. g5 Ke7 29. a3 a5 30. axb4 axb4 31. b3 c3+ 32. Kd3 Kd7 33. Kc2 Kc6 34.
Kd3 Kd5 {White resigns} 0-1

[Event "Team 45 45 League T42"]
[Site "Internet Chess Club"]
[Date "2009.09.05"]
[Round "6"]
[White "soccerisfun"]
[Black "Concordborn"]
[Result "1-0"]
[WhiteElo "1415"]
[BlackElo "1558"]
[Opening "Sicilian: Pelikan (Lasker/Sveshnikov) variation"]
[ECO "B33"]
[Time "13:01:20"]
[TimeControl "2700+45"]

1. e4 c5 2. Nf3 Nc6 3. d4 cxd4 4. Nxd4 Nf6 5. Nc3 e5 6. Ndb5 d6 7. f3 a6 8. Na3
b5 9. Nd5 Be6 10. Bg5 Be7 11. Nxe7 Nxe7 12. Bxf6 gxf6 13. g4 Ng6 14. Qd2 Nf4 15.
O-O-O d5 16. h3 Rc8 17. exd5 Bxd5 18. Kb1 Bxf3 19. Qxd8+ Rxd8 20. Rxd8+ Kxd8 21.
Rh2 Ke7 22. c4 Be4+ 23. Kc1 Rc8 24. b3 Nd3+ 25. Kd2 bxc4 26. Nxc4 Nf4 27. Ke3 f5
28. Nxe5 Rc3+ 29. Kxf4 f6 30. gxf5 {Black resigns} 1-0

[Event "Team 45 45 League T42"]
[Site "Internet Chess Club"]
[Date "2009.09.04"]
[Round "6"]
[White "Constrictor"]
[Black "KaMi62"]
[Result "0-1"]
[WhiteElo "1848"]
[BlackElo "1862"]
[Opening "Réti v Dutch"]
[ECO "A04"]
[Time "20:13:51"]
[TimeControl "2700+45"]

1. Nf3 f5 2. b3 d5 3. e3 Nf6 4. Bb2 e6 5. Ne5 Nbd7 6. Be2 Nxe5 7. Bxe5 Bd6 8. d4
O-O 9. O-O c5 10. Nd2 cxd4 11. exd4 Bxe5 12. dxe5 Ne4 13. Nxe4 fxe4 14. f4 b6
15. Rc1 Bb7 16. Bg4 Qe7 17. Qd4 g6 18. c4 Rac8 19. cxd5 Bxd5 20. g3 Qa3 21. Qd2
Rfd8 22. Rxc8 Rxc8 23. f5 Qc5+ 24. Qf2 exf5 25. Qxc5 Rxc5 26. Rd1 Bf7 27. Be2
Rc7 28. Rd6 Re7 29. Rd8+ Kg7 30. Rd6 g5 31. e6 Bxe6 {White resigns} 0-1

[Event "Team 45 45 League T42"]
[Site "Internet Chess Club"]
[Date "2009.09.03"]
[Round "6"]
[White "froggoathorse"]
[Black "viking99"]
[Result "0-1"]
[WhiteElo "1720"]
[BlackElo "1826"]
[Opening "French: exchange variation"]
[ECO "C01"]
[Time "16:00:36"]
[TimeControl "2700+45"]

1. e4 e6 2. d4 d5 3. exd5 exd5 4. Bd3 Nc6 5. Nf3 Bg4 6. c3 Bd6 7. Be3 Nge7 8.
O-O Qd7 9. Nbd2 f5 10. Qb3 f4 11. Qxb7 Rb8 12. Qa6 fxe3 13. fxe3 O-O 14. Ng5 Bf5
15. e4 dxe4 16. Ndxe4 Rxb2 17. Qc4+ Kh8 18. Nf7+ Rxf7 19. Qxf7 Be6 20. Qh5 g6
21. Qh6 Nf5 22. Qg5 Qe7 23. Qf6+ Qxf6 24. Nxf6 Ne3 25. Rfe1 Rxg2+ 26. Kh1 Rxh2+
27. Kg1 Rh3 28. d5 Bxd5 29. Nxd5 Nxd5 30. Be4 Nce7 31. Rab1 Nxc3 32. Rb8+ Kg7
33. Rb3 Rg3+ 34. Bg2 Nf5 35. Kf2 Nxa2 36. Rb8 Nb4 37. Be4 Nd3+ 38. Bxd3 Rxd3 39.
Ree8 h5 40. Rg8+ Kf6 41. Rbe8 a5 42. Ke2 Rd4 43. Kf3 a4 44. Ra8 a3 45. Ra6 Rd2
46. Rf8+ Kg5 47. Rfa8 h4 48. Ra4 Rd3+ 49. Ke2 Re3+ 50. Kd2 h3 51. Rb8 h2 52. Rb1
Rg3 {White resigns} 0-1

[Event "Team 45 45 League T42"]
[Site "Internet Chess Club"]
[Date "2009.09.06"]
[Round "6"]
[White "Kingofknights"]
[Black "Chess2Play"]
[Result "1-0"]
[WhiteElo "1661"]
[BlackElo "1658"]
[Opening "QGD: Tarrasch defense, Marshall gambit"]
[ECO "D32"]
[Time "09:32:51"]
[TimeControl "2700+45"]

1. d4 d5 2. c4 e6 3. Nc3 c5 4. cxd5 exd5 5. e4 cxd4 6. Qxd4 Nc6 7. Bb5 dxe4 8.
Qxe4+ Qe7 9. Nf3 Qxe4+ 10. Nxe4 Bb4+ 11. Bd2 Bxd2+ 12. Nfxd2 Ne7 13. Nd6+ Kf8
14. O-O g6 15. Bc4 Be6 16. Nxb7 Rb8 17. Nc5 Rxb2 18. Nxe6+ fxe6 19. Nf3 Nd5 20.
Rfe1 Nd8 21. Ng5 Nb6 22. Nxe6+ Nxe6 23. Bxe6 Kg7 24. Bb3 Rf8 25. Re7+ Kh8 26. f3
Nc8 27. Rc7 a5 28. Rd1 Re8 29. h3 Rbe2 30. Rdd7 R2e7 31. Rxe7 Nxe7 32. Bf7 Rc8
33. Rxe7 {Black resigns} 1-0

[Event "Team 45 45 League T42"]
[Site "Internet Chess Club"]
[Date "2009.09.08"]
[Round "6"]
[White "dscvdchk"]
[Black "Marichan"]
[Result "0-1"]
[WhiteElo "1625"]
[BlackElo "1920"]
[Opening "King's Indian: Sämisch, 5...O-O"]
[ECO "E81"]
[Time "17:04:30"]
[TimeControl "2700+45"]

1. d4 Nf6 2. c4 g6 3. Nc3 Bg7 4. e4 d6 5. f3 O-O 6. Bd3 Nc6 7. Be3 e5 8. d5 Nd4
9. Nge2 Nh5 10. Qd2 c5 11. dxc6 bxc6 12. O-O f5 13. f4 fxe4 14. Bxe4 Bb7 15.
Nxd4 exd4 16. Bxd4 Bxd4+ 17. Qxd4 Rxf4 18. Rxf4 Nxf4 19. Rf1 Ne6 20. Qf2 Qb6 21.
Bb1 d5 22. cxd5 cxd5 23. Qxb6 axb6 24. b3 Kg7 25. Rf2 Rc8 26. Nb5 Ba6 27. Bd3
Nc5 28. Nd6 Nxd3 29. Rf7+ Kg8 30. Nxc8 Kxf7 31. Nxb6 Ke6 32. Na8 Kd6 33. Nb6 Nc1
34. Na4 Nxa2 35. Kf2 Nc1 36. Ke3 Nxb3 {White resigns} 0-1

[Event "Team 45 45 League T42"]
[Site "Internet Chess Club"]
[Date "2009.09.07"]
[Round "6"]
[White "Stryker672"]
[Black "adh2050"]
[Result "1-0"]
[WhiteElo "1891"]
[BlackElo "2075"]
[Opening "Sicilian: Alapin's variation (2.c3)"]
[ECO "B22"]
[Time "21:59:41"]
[TimeControl "2700+45"]

1. e4 c5 2. c3 d5 3. exd5 Qxd5 4. d4 Nf6 5. Nf3 Bg4 6. Be2 e6 7. O-O cxd4 8.
Nxd4 Bxe2 9. Qxe2 a6 10. Be3 Be7 11. Rd1 O-O 12. Nd2 Nc6 13. Nc4 Nxd4 14. Bxd4
Qb5 15. a4 Qf5 16. Bxf6 Qxf6 17. Nb6 Rad8 18. Nd7 Qf5 19. Nxf8 Rxf8 20. Rd7 Bc5
21. Rxb7 Qd5 22. Qf3 Qc4 23. g3 g6 24. Kg2 e5 25. Qc6 Qe2 26. Qf3 Qc4 27. Rc7 e4
28. Qf6 e3 29. b4 e2 30. Rxc5 Qe4+ 31. Qf3 e1=Q 32. Rxe1 Qxe1 33. Qe3 Qd1 34. a5
h5 35. Qd4 Qa1 36. Rc6 Qe1 37. Rxa6 Kh7 38. Rd6 Re8 39. Rd7 Qe6 40. Qd5 Qf6 41.
Rxf7+ {Black resigns} 1-0

[Event "Team 45 45 League T42"]
[Site "Internet Chess Club"]
[Date "2009.09.02"]
[Round "6"]
[White "Gregorio"]
[Black "spunni"]
[Result "0-1"]
[WhiteElo "2002"]
[BlackElo "1955"]
[Opening "English opening"]
[ECO "A20"]
[Time "18:09:37"]
[TimeControl "2700+45"]

1. c4 e5 2. g3 Nf6 3. Bg2 Nc6 4. Nc3 Bc5 5. Nf3 d6 6. O-O O-O 7. Na4 e4 8. Ng5
Re8 9. Nxc5 dxc5 10. f3 Qd4+ 11. e3 Qxc4 12. Nxe4 Nxe4 13. fxe4 Ne5 14. d4 Bg4
15. Qd2 Rad8 16. b3 Qd3 17. Qf2 cxd4 18. exd4 Qxd4 19. Be3 Qd3 20. Rac1 Rd7 21.
h3 Bh5 22. Rfe1 Qb5 23. Rc5 Qb4 24. Rec1 Nd3 25. R1c4 Qxc5 26. Rxc5 Nxf2 27.
Kxf2 Bg6 28. e5 c6 29. Bf4 Red8 30. Ra5 a6 31. a3 Rd3 32. b4 Rc3 33. Bf1 Bd3 34.
Bg2 Rc2+ 35. Kg1 Bb5 36. Bf3 b6 37. e6 fxe6 {White resigns} 0-1

[Event "Team 45 45 League T42"]
[Site "Internet Chess Club"]
[Date "2009.09.07"]
[Round "6"]
[White "bogolijubov"]
[Black "Matusalen"]
[Result "1/2-1/2"]
[WhiteElo "1954"]
[BlackElo "2006"]
[Opening "Caro-Kann: Panov-Botvinnik attack, 5...e6"]
[ECO "B14"]
[Time "14:00:24"]
[TimeControl "2700+45"]

1. e4 c6 2. d4 d5 3. exd5 cxd5 4. c4 Nf6 5. Nc3 e6 6. Nf3 Bb4 7. cxd5 Nxd5 8.
Bd2 O-O 9. Bd3 Nc6 10. O-O Be7 11. Qe2 Bf6 12. Qe4 g6 13. h4 Nde7 14. Bh6 Re8
15. Bg5 Bxg5 16. hxg5 Nf5 17. Bb5 {Game drawn by mutual agreement} 1/2-1/2

[Event "Team 45 45 League T42"]
[Site "Internet Chess Club"]
[Date "2009.09.03"]
[Round "6"]
[White "Harmonicus"]
[Black "PJ"]
[Result "0-1"]
[WhiteElo "1845"]
[BlackElo "1797"]
[Opening "Bishop's opening: Berlin defense"]
[ECO "C24"]
[Time "13:03:26"]
[TimeControl "2700+45"]

1. e4 e5 2. Bc4 Nf6 3. d3 Bc5 4. Nc3 O-O 5. f4 exf4 6. Bxf4 d6 7. Nf3 Ng4 8. d4
Bb6 9. O-O Be6 10. Bb3 Bxb3 11. axb3 Nc6 12. Nd5 Re8 13. Qd3 Nge5 14. Bxe5 dxe5
15. Nxb6 axb6 16. Rxa8 Qxa8 17. d5 Nb4 18. Qc3 c5 19. Ng5 f6 20. Ne6 Qc8 21.
Rxf6 Rxe6 22. Rxe6 Nc6 23. Qh3 Nd4 24. Rxe5 Qxh3 25. gxh3 Nf3+ 26. Kf2 Nxe5 27.
Ke3 Kf7 28. b4 Ke7 29. h4 Kd6 30. bxc5+ bxc5 31. Kf4 Ng6+ 32. Kg4 Ke5 33. h5 Ne7
34. Kf3 Nc8 35. c4 Nd6 36. b3 Nxe4 {White resigns} 0-1

[Event "Team 45 45 League T42"]
[Site "Internet Chess Club"]
[Date "2009.09.05"]
[Round "6"]
[White "SlimeDog2"]
[Black "poni"]
[Result "1-0"]
[WhiteElo "2177"]
[BlackElo "1938"]
[Opening "Old Indian: Tartakower (Wade) variation"]
[ECO "A41"]
[Time "00:02:34"]
[TimeControl "2700+45"]

1. d4 d6 2. Nf3 Bg4 3. c4 Nd7 4. Nc3 e5 5. h3 Bh5 6. e3 Ngf6 7. Be2 Be7 8. O-O
O-O 9. b4 Re8 10. Bb2 Bf8 11. dxe5 dxe5 12. Qb3 c6 13. Rfd1 Qc7 14. Rd2 Rad8 15.
Rad1 Bxf3 16. Bxf3 e4 17. Be2 g6 18. c5 Bg7 19. Rd4 Nf8 20. Bc4 Rxd4 21. Rxd4
Ne6 22. Rd6 Nd8 23. Ne2 Qe7 24. Qd1 b5 25. Bb3 h5 26. Qa1 Ne6 27. Bxe6 fxe6 28.
Nd4 Nd5 29. Nxc6 Qf7 30. Bxg7 Qxg7 31. Qxg7+ Kxg7 32. Rd7+ Kf6 33. Rxa7 Rc8 34.
Ra6 Nc7 35. Ra5 Nd5 36. Na7 Rb8 37. Rxb5 Rxb5 38. Nxb5 Nxb4 39. a3 Na6 40. c6
Ke7 41. Kh2 g5 42. Kg3 e5 43. h4 g4 44. c7 Kd7 45. c8=Q+ Kxc8 46. Nd6+ Kd7 47.
Nxe4 Ke6 48. Kh2 Kf5 49. Ng3+ Kg6 50. Kg1 Nc5 51. Kf1 {Black resigns} 1-0

[Event "Team 45 45 League T42"]
[Site "Internet Chess Club"]
[Date "2009.09.04"]
[Round "6"]
[White "koni"]
[Black "Despair"]
[Result "1/2-1/2"]
[WhiteElo "2012"]
[BlackElo "1910"]
[Opening "Alekhine's defense: Maróczy variation"]
[ECO "B02"]
[Time "07:00:24"]
[TimeControl "2700+45"]

1. e4 Nf6 2. d3 Nc6 3. g3 b6 4. Bg2 Bb7 5. Ne2 d6 6. O-O g6 7. b3 Bg7 8. Bb2 O-O
9. c3 Qd7 10. d4 Nd8 11. Nd2 e6 12. h3 h6 13. Kh2 Kh7 14. f4 Ne8 15. Nf3 f6 16.
Qc2 f5 17. e5 Be4 {Game drawn by mutual agreement} 1/2-1/2

[Event "Team 45 45 League T42"]
[Site "Internet Chess Club"]
[Date "2009.09.06"]
[Round "6"]
[White "fishhead"]
[Black "Paulkov"]
[Result "0-1"]
[WhiteElo "1868"]
[BlackElo "1982"]
[Opening "KP: Nimzovich defense"]
[ECO "B00"]
[Time "14:00:23"]
[TimeControl "2700+45"]

1. e4 Nc6 2. d4 d6 3. d5 Ne5 4. f4 Nd7 5. Nf3 c6 6. c4 Ngf6 7. Nc3 Nc5 8. Qc2
Bg4 9. Be2 cxd5 10. cxd5 Rc8 11. Qb1 g6 12. b4 Ncd7 13. Bb2 Qb6 14. a3 Bxf3 15.
gxf3 Bh6 16. Nb5 a6 17. Bd4 Qd8 18. Na7 Ra8 19. Qc1 O-O 20. Nc6 bxc6 21. dxc6 e5
22. Bf2 Bxf4 23. Qc2 Qc7 24. a4 Rfc8 25. b5 axb5 26. Bxb5 Nb8 27. Ra3 Nxc6 28.
Rc3 Nb4 {White resigns} 0-1

[Event "Team 45 45 League T42"]
[Site "Internet Chess Club"]
[Date "2009.09.07"]
[Round "6"]
[White "SneakyRed"]
[Black "Mater"]
[Result "1-0"]
[WhiteElo "1864"]
[BlackElo "1601"]
[Opening "Sicilian: Alapin's variation (2.c3)"]
[ECO "B22"]
[Time "12:01:45"]
[TimeControl "2700+45"]

1. e4 c5 2. c3 d6 3. d4 cxd4 4. cxd4 Nf6 5. Nc3 g6 6. Nf3 Bg7 7. h3 O-O 8. Be2
a6 9. Be3 Nc6 10. d5 Na7 11. a4 e6 12. O-O exd5 13. exd5 Bf5 14. Qb3 Qd7 15. Nh4
Bxh3 16. gxh3 Qxh3 17. Ng2 Ng4 18. Bxg4 Qxg4 19. Bxa7 Rxa7 20. Qb6 Bd4 21. Qxd6
Re8 22. Rfe1 Raa8 23. Qf4 h5 24. Qxg4 hxg4 25. Ne3 g3 26. Rad1 gxf2+ 27. Kxf2
Bb6 28. Kf3 Re5 29. Nc4 Rf5+ 30. Kg4 Bd8 31. Re8+ Kg7 32. Nd6 Rg5+ 33. Kf3 Rh5
34. Kg2 Rg5+ 35. Kf3 Rh5 36. Ke4 Rh4+ 37. Kd3 Rh3+ 38. Kc2 Rh2+ 39. Rd2 Rh1 40.
Nxb7 Bg5 41. Rxa8 Bxd2 42. Kxd2 g5 {Black resigns} 1-0

[Event "Team 45 45 League T42"]
[Site "Internet Chess Club"]
[Date "2009.09.07"]
[Round "6"]
[White "keisher415"]
[Black "easycure"]
[Result "0-1"]
[WhiteElo "2065"]
[BlackElo "2385"]
[Opening "Sicilian defense"]
[ECO "B40"]
[Time "21:00:17"]
[TimeControl "2700+45"]

1. e4 c5 2. Nf3 e6 3. d3 Nc6 4. Qe2 g6 5. g3 Bg7 6. Bg2 d6 7. O-O Nge7 8. c3 O-O
9. h4 e5 10. Qc2 h6 11. Kh2 f5 12. Nbd2 f4 13. a4 Bg4 14. Nc4 Qd7 15. a5 Rf7 16.
Ng1 Raf8 17. f3 fxg3+ 18. Kxg3 Be6 19. Be3 Kh7 20. Qe2 Ng8 21. Nd2 Nf6 22. Nh3
Nh5+ 23. Kh2 Bf6 24. Bf2 Bxh3 25. Bxh3 Qxh3+ {White resigns} 0-1

[Event "Team 45 45 League T42"]
[Site "Internet Chess Club"]
[Date "2009.09.07"]
[Round "6"]
[White "jorobo"]
[Black "searchforbobby1"]
[Result "1-0"]
[WhiteElo "2207"]
[BlackElo "2184"]
[Opening "English: four knights, kingside fianchetto"]
[ECO "A29"]
[Time "22:00:22"]
[TimeControl "2700+45"]

1. c4 e5 2. Nc3 Nf6 3. Nf3 Nc6 4. g3 Bc5 5. Nxe5 Bxf2+ 6. Kxf2 Nxe5 7. e4 c5 8.
d4 cxd4 9. Qxd4 O-O 10. Bf4 d6 11. Be2 Be6 12. Rhd1 Qc8 13. Rac1 Rd8 14. Bxe5
dxe5 15. Qxe5 Ng4+ 16. Bxg4 Bxg4 17. Rxd8+ Qxd8 18. Nd5 Kh8 19. Qc7 Qe8 20. Qf4
Qd7 21. Rc2 h5 22. b3 Rc8 23. Rd2 Rd8 24. Ke1 Qe6 25. Nc7 Qe7 26. Rxd8+ Qxd8 27.
Nd5 Qa5+ 28. Qd2 Qc5 29. Qe3 Qa5+ 30. Qd2 Qc5 31. Qe3 Qa3 32. Nc3 Qb2 33. Qd2
Qa1+ 34. Kf2 Qh1 35. Ke3 Qf3+ 36. Kd4 b6 37. Qe3 Qg2 38. h4 Qf1 39. Nd5 Qa1+ 40.
Nc3 Qf1 41. c5 bxc5+ 42. Kxc5 Qa6 43. Qd4 Be6 44. Kb4 Qb7+ 45. Ka3 Qc7 46. e5 a6
47. Kb2 Qc6 48. Qd8+ Kh7 49. Qd3+ Kh8 50. Qd8+ Kh7 51. Qd3+ Kh8 52. a4 Qb7 53.
Qd8+ Kh7 54. Qd3+ Kh8 55. Ne4 Qb8 56. Qc3 Kg8 57. Nc5 Bc8 58. b4 a5 59. b5 Qa8
60. Ka3 Qg2 61. Nb3 Be6 62. Nxa5 Qa2+ 63. Kb4 Qb1+ 64. Nb3 Qe4+ 65. Ka3 Qd5 66.
Nc5 Qa2+ 67. Kb4 Bd5 68. Ka5 Bg2 69. Nb3 Qe2 70. Kb6 Qe4 71. Nc5 Qd5 72. Na6
Qd8+ 73. Qc7 Qd4+ 74. Nc5 Qe3 75. Qc8+ Kh7 76. Qf5+ Kg8 77. e6 f6 78. Qxh5 Qxg3
79. Qe8+ Kh7 80. Qh5+ Kg8 81. Qe8+ Kh7 82. Qd8 Qg6 83. h5 {Black resigns} 1-0

[Event "Team 45 45 League T42"]
[Site "Internet Chess Club"]
[Date "2009.09.04"]
[Round "6"]
[White "spacecadet"]
[Black "Ser-Enigma"]
[Result "0-1"]
[WhiteElo "2171"]
[BlackElo "2165"]
[Opening "KGA: Muzio gambit, Paulsen variation"]
[ECO "C37"]
[Time "14:10:38"]
[TimeControl "2700+45"]

1. e4 e5 2. f4 exf4 3. Nf3 g5 4. Bc4 g4 5. O-O gxf3 6. Qxf3 Qf6 7. e5 Qxe5 8. d3
Bh6 9. Nc3 Ne7 10. Bd2 Nbc6 11. Rae1 Qf5 12. Nd5 Kd8 13. Qe2 Qe6 14. Qf2 Qg4 15.
h3 Qh5 16. Rxe7 Nxe7 17. Bc3 Nxd5 18. Bxd5 Qxd5 19. Bf6+ Ke8 20. Re1+ Kf8 21.
Qh4 Bg7 22. Re5 Qc6 23. Be7+ Kg8 24. Bf6 h6 25. Bxg7 Kxg7 26. Qxf4 Qf6 27. Rf5
Qg6 28. Qd4+ f6 29. Rf4 d6 {White resigns} 0-1

[Event "Team 45 45 League T42"]
[Site "Internet Chess Club"]
[Date "2009.09.07"]
[Round "6"]
[White "TerryMalloy"]
[Black "nardz"]
[Result "1-0"]
[WhiteElo "1992"]
[BlackElo "2043"]
[Opening "QGD Slav defense: exchange variation"]
[ECO "D10"]
[Time "18:00:50"]
[TimeControl "2700+45"]

1. d4 d5 2. c4 c6 3. cxd5 cxd5 4. Nc3 Nf6 5. Bf4 Qb6 6. Qd2 Nc6 7. e3 Bf5 8.
Nge2 e6 9. Ng3 Bg6 10. Be2 h5 11. h4 a6 12. O-O Be7 13. Rac1 Nd7 14. e4 Qxd4 15.
exd5 Qxd2 16. Bxd2 Nd4 17. dxe6 fxe6 18. Rfe1 Bxh4 19. Bc4 Nf6 20. Be3 Nc2 21.
Re2 Nxe3 22. Rxe3 O-O 23. Bxe6+ Kh7 24. Nce2 Bg5 25. f4 Bh6 26. Re5 h4 27. Nf5
Ng4 28. Rec5 b6 29. Rd5 Rae8 30. Nxh6 Nxh6 31. Rd6 Nf5 32. Rxb6 Bh5 33. Bxf5+
Rxf5 34. Nc3 Rxf4 35. Rxa6 Rd8 36. Rf1 Rb4 37. Rf2 Rdb8 38. b3 Rc8 39. Nd5 Rd4
40. Ne3 Rc1+ 41. Kh2 Re4 42. Nf5 Ree1 43. Nxh4 Rh1+ 44. Kg3 Rc3+ 45. Nf3 g5 46.
Rd2 Be8 47. Ra7+ Kg8 48. Rd5 Rh6 49. Rxg5+ Kf8 50. Ra8 Re6 51. b4 Kf7 52. a4 Kf6
53. Rc5 Ra3 54. b5 Re2 55. a5 Raa2 56. Ra6+ Kg7 57. Rc7+ Kg8 58. Ra8 Rxg2+ 59.
Kh3 Kf8 60. Rcc8 Rge2 61. b6 Kf7 62. Rxe8 Rxe8 63. Rxe8 Kxe8 64. b7 Rb2 65. a6
{Black resigns} 1-0

[Event "Team 45 45 League T42"]
[Site "Internet Chess Club"]
[Date "2009.09.08"]
[Round "6"]
[White "gorgon"]
[Black "Pason"]
[Result "1-0"]
[WhiteElo "2069"]
[BlackElo "2106"]
[Opening "English: ultra-symmetrical variation"]
[ECO "A36"]
[Time "13:00:20"]
[TimeControl "2700+45"]

1. c4 c5 2. g3 Nc6 3. Bg2 g6 4. Nc3 Bg7 5. Rb1 e5 6. d3 Nge7 7. Nf3 O-O 8. Nd2
Rb8 9. Nf1 d6 10. Ne3 f5 11. Ned5 Be6 12. Bg5 h6 13. Bxe7 Nxe7 14. Nxe7+ Qxe7
15. Bd5 f4 16. g4 Kh7 17. Bxe6 Qxe6 18. f3 Bf6 19. h4 Bd8 20. Qa4 a6 21. h5 Rg8
22. Ne4 Rc8 23. b4 cxb4 24. Qxb4 Be7 25. hxg6+ Kxg6 26. Qb6 Rh8 27. Rh5 Rhd8 28.
Nc3 Rd7 29. Qf2 b5 30. Qh2 Kg7 31. Ne4 bxc4 32. g5 d5 33. Rxh6 Qf5 34. g6 dxe4
35. Rh7+ Kf6 36. Rf7+ Ke6 37. Rxf5 exd3 38. Rb6+ Kd5 39. e4+ {Black resigns} 1-0

[Event "Team 45 45 League T42"]
[Site "Internet Chess Club"]
[Date "2009.09.08"]
[Round "6"]
[White "Zornorph"]
[Black "livis"]
[Result "1-0"]
[WhiteElo "2095"]
[BlackElo "1984"]
[Opening "English opening"]
[ECO "A10"]
[Time "14:59:02"]
[TimeControl "2700+45"]

1. c4 g6 2. g3 Bg7 3. Bg2 d6 4. Nf3 c5 5. d4 cxd4 6. Nxd4 Nf6 7. Qb3 Qa5+ 8. Nc3
O-O 9. Bxb7 Bxb7 10. Qxb7 Nbd7 11. Nc6 Qh5 12. Nxe7+ Kh8 13. O-O Ne5 14. Qg2
Nxc4 15. Rb1 Rae8 16. Nc6 d5 17. Rd1 Rxe2 18. Nxe2 Qxe2 19. Qf1 Qe6 20. Nd4 Qe4
21. Qd3 Qg4 22. Qf3 Qh3 23. Qg2 Qg4 24. f3 Qd7 25. b3 Ne5 26. Bb2 a5 27. Kh1 Nh5
28. a4 Kg8 29. Nb5 h6 30. Bc3 Kh7 31. Bxa5 Rc8 32. Rbc1 Rxc1 33. Rxc1 d4 34. Rd1
d3 35. Bc3 Qd4 36. Bxd4 {Black resigns} 1-0

[Event "Team 45 45 League T42"]
[Site "Internet Chess Club"]
[Date "2009.09.05"]
[Round "6"]
[White "chiiwen"]
[Black "xakelari"]
[Result "0-1"]
[WhiteElo "2097"]
[BlackElo "2059"]
[Opening "Ruy Lopez: closed Berlin defense, Wolf variation"]
[ECO "C62"]
[Time "15:30:13"]
[TimeControl "2700+45"]

1. e4 e5 2. Nf3 Nc6 3. Bb5 d6 4. d4 Bd7 5. Nc3 Nf6 6. O-O exd4 7. Nxd4 Be7 8.
Bxc6 bxc6 9. Qf3 O-O 10. Re1 c5 11. Nf5 Bxf5 12. Qxf5 Nd7 13. Nd5 Nb6 14. b3
Nxd5 15. Qxd5 Bf6 16. Rb1 Re8 17. Bf4 Be5 18. Be3 Rb8 19. f4 Bc3 20. Re2 Rb4 21.
Qd3 Rbxe4 22. Qxc3 d5 23. Qxc5 d4 24. Rd1 Rxe3 25. Rxe3 Rxe3 26. Qxa7 Re4 27. g3
h6 28. Qc5 Qd7 29. Qc4 Qe7 30. Kf2 c5 31. Qf1 Qa7 32. Qc4 Re3 33. Qd5 Qxa2 34.
Rd2 Qa1 35. Re2 Qc3 36. Qf5 g6 37. Qc8+ Kg7 38. Qg4 h5 39. Qg5 Rxe2+ 40. Kxe2
Qxc2+ 41. Kf1 Qd1+ 42. Kf2 Qd2+ 43. Kf1 Qd3+ 44. Kf2 Qe3+ 45. Kf1 d3 46. Qd5
Qe2+ {White resigns} 0-1